 Dungeon Crawl Stone Soup version 0.29.1-12-g30fa7ad0bf (webtiles) character file.

Game seed: 9432881207506143971

53 fleeber the Digger (level 3, 0/19 HPs)
             Began as a Gargoyle Earth Elementalist on Dec 13, 2022.
             Slain by a goblin
             ... wielding a +0 club
             ... led by Robin
              (2 damage)
             ... on level 2 of the Dungeon on Dec 14, 2022.
             The game lasted 00:05:38 (1517 turns).

fleeber the Digger (Gargoyle Earth Elementalist)    Turns: 1517, Time: 00:05:38

Health: 0/19       AC:  7    Str: 11    XL:     3   Next: 87%
Magic:  3/6        EV: 11    Int: 17    God:
Gold:   42         SH:  0    Dex: 10    Spells: 6/7 levels left

rFire   . . .      SeeInvis .   (no weapon)
rCold   . . .      Faith    .   (no shield)
rNeg    + . .      Spirit   .   d - +0 leather armour
rPois   ∞          Reflect  .   (no helmet)
rElec   +          Harm     .   (no cloak)
rCorr   .          Rampage  .   (no gloves)
Will    +....                   f - +0 pair of boots
Stlth   ++........              (no amulet)
HPRegen 0.06/turn               g - ring of willpower
MPRegen 0.10/turn               (no ring)

@: about to teleport
A: sickness immunity, AC +3, negative energy resistance 1, electricity
resistance, torment resistance 1, petrification resistance
a: no special abilities


You were on level 2 of the Dungeon.
You visited 1 branch of the dungeon, and saw 2 of its levels.

You collected 42 gold pieces.

Inventory:

Armour
 a - a +0 robe
 d - a +0 leather armour (worn)
 f - a +0 pair of boots (worn)
Jewellery
 g - a ring of willpower (left hand)
Scrolls
 c - 4 scrolls of identify {unknown}
Potions
 b - a potion of magic
 i - a potion of haste {unknown}
 l - 2 potions of lignification {unknown}
 m - a potion of heal wounds {unknown}
 o - a potion of flight {unknown}


   Skills:
 - Level 1.5 Dodging
 - Level 2.1 Stealth
 + Level 2.5 Spellcasting
 + Level 1.6 Conjurations
 + Level 1.5 Transmutations
 + Level 4.2 Earth Magic


You had 6 spell levels left.
You knew the following spells:

 Your Spells              Type           Power      Damage    Failure   Level
a - Sandblast             Erth           32%        2d9       4%          1

Your spell library contained the following spells:

 Spells                   Type           Power      Damage    Failure   Level
 Passwall                 Tmut/Erth      9%         N/A       12%         2
 Stone Arrow              Conj/Erth      24%        3d8       22%         3
 Slow                     Hex            8%         N/A       24%         1
 Confusing Touch          Hex            2%         N/A       58%         3
 Vampiric Draining        Necr           2%         2d6       58%         3
 Petrify                  Tmut/Erth      11%        N/A       58%         4


Dungeon Overview and Level Annotations

Branches:
Dungeon (2/15)

Altars:
Nemelex Xobeh

Annotations:
D:2 Robin


Innate Abilities, Weirdness & Mutations

You are immune to sickness and miasma.
Your stone body is resilient. (AC +3)
You are immune to poison.
You resist negative energy. (rN+)
You are resistant to electric shocks. (rElec)
You are resistant to unholy torment.
You are immune to petrification.


Message History

The goblin shouts!
Robin hits you with a +1 mace of protection.
The hobgoblin hits you. The goblin attacks as you move away!
The goblin hits you with a +0 club.
* * * LOW HITPOINT WARNING * * *
As you read the scroll labelled TITODOHEGE, it crumbles to dust.
The creatures around you are filled with an inner flame!
It was a scroll of immolation.
Robin throws the goblin at you!
The goblin hits you but does no damage. x2
The hobgoblin hits you but does no damage.
The goblin unwields a +0 club.
The goblin wields a +0 sling.
The goblin shoots a sling bullet.
The sling bullet closely misses you.
You hear a shout!
As you read the scroll labelled PUATOIC ERUTUN, it crumbles to dust.
It is a scroll of enchant weapon.
You aren't carrying any weapons that can be enchanted.
Robin throws the goblin at you! The goblin hits you but does no damage.
A hobgoblin comes into view. It is quivering poisoned darts.
The goblin hits you but does no damage. The hobgoblin barely misses you.
As you read the scroll labelled GAEWKA FOFRA, it crumbles to dust.
You feel strangely unstable.
It was a scroll of teleportation.
Robin barely misses you. The goblin hits you but does no damage.
A goblin comes into view. It is wielding a +0 dagger.
The goblin hits you but does no damage. The goblin misses you.
The goblin shoots a sling bullet.
The sling bullet closely misses you.
The sling bullet misses the hobgoblin.
This is a scroll of acquirement!
You see here a book of the Tundra.
Something appears at your feet!
The goblin no longer looks unusually strong.
Robin throws the goblin at you! The goblin barely misses you.
The goblin hits you but does no damage. The goblin hits you with a +0 dagger.
* * * LOW HITPOINT WARNING * * *
The goblin hits you but does no damage. The hobgoblin closely misses you.
The goblin shoots a sling bullet.
The sling bullet barely misses you.
The sling bullet hits the hobgoblin.
Flame seeps out of the hobgoblin.
The air fills with toxic fumes!
As you read the scroll labelled QUONASUEKH, it crumbles to dust.
It was a scroll of poison.
Robin barely misses you. The goblin hits you with a +0 club.
You die...

##### #######
##§§§###########§....##
##.§§§§##§§§§§§#§§...>.##
#..§§§§§#§§§§§§§§§......###
#....§§§#§§§§§§§§§......)÷.
##......§§§§§§§§§§§......###
#........#ggg§§§§§§......#
##.......#g@g§§§§§§......###
#..§§§§§§§g§§§§§§§.........
#..§§§§g§§§§§§§§§§......###
##.§§§§###g§#§#§§§......###
##§§g###§§§§§#.§§.........
##§####g##§§#..§......#..
#...#.§##§§............#
#.#..§# ##§#.........###
###..#..# #.##......#....


You could see Robin (inner flame), 2 hobgoblins and 7 goblins.

Vanquished Creatures
  A worm (D:1)
  2 bats
  6 endoplasms
  8 goblins
  6 hobgoblins
  6 jackals (D:1)
  2 quokkas
  5 ball pythons
  4 frilled lizards
  2 rats (D:2)
  A spectral kobold (D:1)
43 creatures vanquished.

Notes
Turn   | Place    | Note
-------+----------+-------------------------------------------
     0 | D:1      | fleeber the Gargoyle Earth Elementalist began the quest for
                  | the Orb.
     0 | D:1      | Reached XP level 1. HP: 10/10 MP: 3/3
   129 | D:1      | Found a faded altar of an unknown god.
   135 | D:1      | Reached skill level 1 in Transmutations
   165 | D:1      | Reached XP level 2. HP: 15/15 MP: 1/5
   360 | D:1      | Reached skill level 1 in Conjurations
   478 | D:1      | Reached skill level 4 in Earth Magic
   612 | D:1      | Reached XP level 3. HP: 19/19 MP: 4/6
   962 | D:2      | Found a sparkling altar of Nemelex Xobeh.
  1290 | D:2      | Noticed Robin
  1516 | D:2      | Identified a scroll of acquirement
  1516 | D:2      | Acquired a book of the Tundra
  1517 | D:2      | Slain by a goblin

Illustrated notes

Levels and vault maps discovered:
D:1:      doesnt_arrival_eight_statues, layout_rooms,
          dreamdust_ecumenical_altar_drowned_temple, nicolae_wormholes
D:2:      layout_rooms, basic_altar, uniq_robin, uniq_terence

Skill      XL: |  1  2 |
---------------+-------+-----
Transmutations | 1 |  1.5
Conjurations   | 1 |  1.6
Earth Magic    | 4 |  4.2
Dodging        | |  1.5
Stealth        | |  2.1
Spellcasting   | |  2.5

Action                   || total
-------------------------++-------
 Cast: Sandblast         ||    59
  Use: Scroll            ||     5
Armor: Leather armour    ||    22
Dodge: Dodged            ||    21
